 Dungeon Crawl Stone Soup version 0.23.2-33-g5129a83184 (webtiles) character file.

Game seed: 13675517439519085546

261 funkygono the Slinger (level 6, -4/41 HPs)
             Began as a Halfling Hunter on July 21, 2019.
             Was an Initiate of the Shining One.
             Slain by a bullfrog (7 damage)
             ... on level 7 of the Dungeon.
             The game lasted 00:09:12 (2803 turns).

funkygono the Slinger (Halfling Hunter)             Turns: 2803, Time: 00:09:12

Health: -4/41      AC:  3    Str: 12 (13) XL:     6   Next: 42%
Magic:  6/6        EV: 15    Int:  8 (9)  God:    the Shining One [......]
Gold:   132        SH:  0    Dex: 15 (17) Spells: 5/5 levels left

rFire    . . .     SeeInvis .   a - +0 short sword
rCold    . . .     Gourm    .   (shield restricted)
rNeg     . . .     Faith    .   c - +0 leather armour
rPois    .         Spirit   .   (no helmet)
rElec    .         Reflect  .   (no cloak)
rCorr    .         Harm     .   (no gloves)
MR       .....                  (no boots)
Stlth    +.........             (no amulet)
HPRegen  0.13/turn              (no ring)
MPRegen  0.10/turn              (no ring)

@: lethally poisoned (-4 -> -7), about to teleport, glowing
A: small, mutation resistance 1
a: Renounce Religion


You were on level 7 of the Dungeon.
You worshipped the Shining One.
The Shining One was noncommittal.
You were not hungry.

You visited 1 branch of the dungeon, and saw 5 of its levels.

You collected 132 gold pieces.

Inventory:

Hand Weapons
 a - a +0 short sword (weapon)
 b - a +2 hunting sling
Missiles
 d - 2 sling bullets
 e - 155 stones (quivered)
Armour
 c - a +0 leather armour (worn)
 l - a +0 buckler
Jewellery
 t - an uncursed ring of resist corrosion {unknown}
Wands
 w - a wand of polymorph (10)
Scrolls
 h - 2 scrolls of remove curse
 v - a scroll of blinking {unknown}
Potions
 i - a potion of mutation
 k - a potion of cancellation
 m - a potion of might
 o - 2 potions of agility
 p - a potion of degeneration
 q - a potion of resistance {unknown}
 r - a potion of haste {unknown}
 s - a potion of flight {unknown}
 u - a potion of ambrosia {unknown}
 x - a potion of magic {unknown}
Comestibles
 f - 11 rations
 g - 6 chunks of flesh


   Skills:
 + Level 2.5 Fighting
 + Level 2.4 Short Blades
 + Level 8.5 Slings
 + Level 2.2 Armour
 + Level 2.5 Dodging
 + Level 1.3 Stealth


You had 5 spell levels left.
You didn't know any spells.
Your spell library was empty.

Dungeon Overview and Level Annotations

Branches:
Dungeon (4/15)
 Temple: D:4-7

Altars:
Ashenzari
Elyvilon
Hepliaklqana
Nemelex Xobeh
Ru
Yredelemnul
The Shining One

Annotations:
D:3 1 runed translucent door, strongu's ghost, amateur OpGl


Innate Abilities, Weirdness & Mutations

You are small and have problems with some larger weapons.
You are somewhat resistant to further mutation.


Message History

The jelly quivers.
The bullfrog hits you. x2; The hound skeleton bites you.
The bullfrog completely misses you.
Wield which item (- for none, * to show all)? (? for menu, Esc to quit)
a - a +0 short sword (weapon)
The bullfrog closely misses you. The hound skeleton closely misses you.
You hit the hound skeleton.
The hound skeleton is moderately damaged.
You feel sick. The bullfrog barely misses you. The bullfrog hits you.
The hound skeleton bites you. The bullfrog hits you.
* * * LOW HITPOINT WARNING * * *
The bullfrog hits you.
* * * LOW HITPOINT WARNING * * *
It was a potion of degeneration.
There was something very wrong with that liquid.
You feel weakened.
You feel dopey.
You feel clumsy. The bullfrog misses you. The hound skeleton bites you.
* * * LOW HITPOINT WARNING * * *
The phantom blinks!
The bullfrog hits you!
You die...

## ... .... .....
##############......
.....§§§§§aF@ZJ.....
#..F§§§§§§F###)....
#.F.§§§§§§F# ...
.....§.§.§..# #
##.....§.§§.#
#..........#
#.........%#
#..W.......#
#..........#


You could see 3 bullfrogs, a jelly, a worker ant and a hound skeleton.

Vanquished Creatures
  An ogre (D:4)
  An orc wizard (D:3)
  A worker ant (D:4)
  5 adders
  2 worms
  2 dart slugs
  2 leopard geckos
  5 orcs
  A ball python (D:1)
  5 giant cockroaches
  8 goblins
  3 hobgoblins
  2 jackals (D:2)
  2 quokkas (D:2)
  5 bats
  6 frilled lizards
  A jackal skeleton (D:4)
  7 kobolds
  10 rats
69 creatures vanquished.

Vanquished Creatures (others)
  3 fungi (D:4)
3 creatures vanquished.

Grand Total: 72 creatures vanquished

Notes
Turn   | Place    | Note
-------+----------+-------------------------------------------
     0 | D:1      | funkygono the Halfling Hunter began the quest for the Orb.
     0 | D:1      | Reached XP level 1. HP: 14/14 MP: 1/1
   108 | D:1      | Reached skill level 6 in Slings
   155 | D:1      | Reached XP level 2. HP: 19/19 MP: 2/2
   446 | D:1      | Reached XP level 3. HP: 24/24 MP: 3/3
   801 | D:2      | Reached skill level 7 in Slings
  1164 | D:2      | Reached XP level 4. HP: 29/29 MP: 4/4
  1460 | D:2      | Reached skill level 1 in Short Blades
  1676 | D:3      | Reached skill level 1 in Armour
  1676 | D:3      | Reached XP level 5. HP: 27/34 MP: 5/5
  1826 | D:3      | Found a sacrificial altar of Ru.
  1828 | D:3      | Found a shattered altar of Ashenzari.
  1830 | D:3      | Found a sparkling altar of Nemelex Xobeh.
  1830 | D:3      | Found a glowing golden altar of the Shining One.
  1831 | D:3      | Found a basalt altar of Yredelemnul.
  1833 | D:3      | Found a hazy altar of Hepliaklqana.
  1860 | D:3      | Became a worshipper of the Shining One
  1919 | D:3      | Found a white marble altar of Elyvilon.
  2350 | D:3      | Noticed a bullfrog
  2351 | D:3      | Found a runed translucent door.
  2352 | D:3      | Noticed strongu's ghost (amateur OpGl)
  2694 | D:4      | Noticed an ogre
  2702 | D:4      | Killed an ogre
  2702 | D:4      | Reached skill level 8 in Slings
  2702 | D:4      | Reached XP level 6. HP: 41/41 MP: 6/6
  2792 | D:4      | You fall through a shaft for 3 floors!
  2793 | D:7      | Noticed a phantom
  2803 | D:7      | Slain by a bullfrog

Skill      XL: |  1  2  3  4  5  6 |
---------------+-------------------+-----
Slings         | 6 7 8 |  8.5
Fighting       | 2 |  2.5
Short Blades   | 1 2 |  2.4
Armour         | 1 2 |  2.2
Dodging        | |  2.5
Stealth        | |  1.3

Action                   |  1- 3 |  4- 6 || total
-------------------------+-------+-------++-------
Melee: Short sword       |    28 |    72 ||   100
 Fire: Hunting sling     |    72 |    71 ||   143
  Use: Scroll            |     5 |     6 ||    11
       Potion            |       |     1 ||     1
  Eat: Chunk             |     1 |     5 ||     6
Armor: Leather armour    |     3 |     9 ||    12
Dodge: Dodged            |    30 |    63 ||    93
